 Dungeon Crawl Stone Soup version 0.27.1-2-g3b301248ec (webtiles) character file.

Game seed: 2127416530267526896

1049 Borgoz the Skirmisher (level 8, -3/51 HPs)
             Began as a Gargoyle Gladiator on Sept 28, 2021.
             Slain by a two-headed ogre (4 damage)
             ... on level 5 of the Dungeon.
             The game lasted 00:04:43 (5550 turns).

Borgoz the Skirmisher (Gargoyle Gladiator)          Turns: 5550, Time: 00:04:44

Health: -3/51      AC: 13    Str: 20    XL:     8   Next: 25%
Magic:  0/8        EV: 12    Int:  8    God:
Gold:   336        SH:  0    Dex: 12    Spells: 7/7 levels left

rFire    . . .     SeeInvis .   a - +0 flail
rCold    . . .     Faith    .   (no shield)
rNeg     + . .     Spirit   +   o - +0 ring mail
rPois    ∞         Reflect  .   c - +0 helmet
rElec    +         Harm     .   (no cloak)
rCorr    .         Rampage  .   (no gloves)
Will     +....                  (no boots)
Stlth    +.........             g - amulet of guardian spirit
HPRegen  0.17/turn              n - ring of willpower
MPRegen  0.11/turn              (no ring)

@: flying
A: sickness immunity, AC +5, negative energy resistance 1, electricity
resistance, torment resistance 1, petrification resistance
a: no special abilities


You were on level 5 of the Dungeon.
You visited 1 branch of the dungeon, and saw 5 of its levels.

You collected 336 gold pieces.

Inventory:

Hand Weapons
 a - a +0 flail (weapon)
Armour
 c - a +0 helmet (worn)
 o - a +0 ring mail (worn)
Jewellery
 b - an amulet of reflection
 g - an amulet of guardian spirit (around neck)
 n - a ring of willpower (left hand)
Scrolls
 h - a scroll of magic mapping
 j - a scroll of teleportation {unknown}
 p - a scroll of noise {unknown}
 q - a scroll of fog {unknown}
 r - a scroll of amnesia {unknown}
 s - a scroll of holy word {unknown}
Potions
 e - a potion of curing
 i - a potion of magic
 k - a potion of brilliance {unknown}
 l - a potion of mutation {unknown}
 m - a potion of flight


   Skills:
 * Level 6.0 Fighting
 * Level 5.7 Maces & Flails
 - Level 1.7 Throwing
 * Level 5.3 Armour
 + Level 3.7 Dodging


You had 7 spell levels left.
You didn't know any spells.
Your spell library contained the following spells:

 Spells                   Type           Power      Damage    Failure   Level
 Animate Skeleton         Necr           0%         N/A       56%         1
 Apportation              Tloc           0%         N/A       56%         1
 Corona                   Hex            0%         N/A       56%         1
 Magic Dart               Conj           0%         1d3       56%         1
 Summon Small Mammal      Summ           0%         N/A       56%         1
 Call Imp                 Summ           0%         N/A       71%         2
 Call Canine Familiar     Summ           0%         N/A       91%         3
 Mephitic Cloud           Conj/Pois/Air  0%         N/A       91%         3
 Portal Projectile        Hex/Tloc       0%         N/A       91%         3
 Stone Arrow              Conj/Erth      0%         3d7       91%         3
 Leda's Liquefaction      Hex/Erth       0%         N/A       100%        4
 Olgreb's Toxic Radiance  Pois           0%         N/A       100%        4
 Blade Hands              Tmut           0%         N/A       100%        5
 Bolt of Magma            Conj/Fire/Erth 0%         4d4       100%        5
 Excruciating Wounds      Necr           0%         N/A       100%        5
 Ozocubu's Refrigeration  Ice            0%         4d5       100%        7
 Ignition                 Fire           0%         3d3       100%        8
 Shatter                  Erth           0%         3d5*      100%        9


Dungeon Overview and Level Annotations

Branches:
Dungeon (5/15)
 Temple: D:4-7

Altars:
Ashenzari
Cheibriados
Nemelex Xobeh
Uskayaw

Shops:
D:4 *

Annotations:
D:5 4 runed translucent doors


Innate Abilities, Weirdness & Mutations

You are immune to sickness and miasma.
Your stone body is resilient. (AC +5)
You are immune to poison.
You resist negative energy. (rN+)
You are resistant to electric shocks. (rElec)
You are resistant to unholy torment.
You are immune to petrification.


Message History

The two-headed ogre struggles against the net.
The centaur zombie hits you but does no damage.
The centaur zombie misses you.
You sock the two-headed ogre!
The two-headed ogre is heavily wounded.
The two-headed ogre struggles against the net.
The net rips apart, and the two-headed ogre comes free!
The centaur zombie closely misses you. The centaur zombie barely misses you.
You feel much better. The two-headed ogre barely misses you.
The two-headed ogre misses you.
You barely miss the two-headed ogre.
The two-headed ogre is heavily wounded.
The two-headed ogre hits you with a +0 dire flail!
The two-headed ogre hits you but does no damage.
You hit the two-headed ogre but do no damage.
The two-headed ogre is heavily wounded.
The two-headed ogre misses you.
The two-headed ogre hits you with a +0 giant club!
You hit the two-headed ogre.
The two-headed ogre is heavily wounded.
The two-headed ogre barely misses you.
The two-headed ogre hits you with a +0 giant club!
You hit the two-headed ogre.
The two-headed ogre is heavily wounded.
The two-headed ogre hits you with a +0 dire flail!
* * * LOW HITPOINT WARNING * * *
The two-headed ogre completely misses you.
Okay, then.
You feel better.
It was a potion of magic.
Magic courses through your body.
The two-headed ogre hits you with a +0 dire flail!
* * * LOW HITPOINT WARNING * * *
The two-headed ogre closely misses you.
It was a potion of flight.
You feel very buoyant.
You fly up into the air.
The two-headed ogre hits you with a +0 dire flail!
* * * LOW HITPOINT WARNING * * *
The two-headed ogre hits you with a +0 giant club.
You die...

##......##.#........
#.....####.#........
#.###.# #.#........ #.# #.#
#<#........ .#######.#
#.######........ .........#
#...............
######..#############......
#..#..O(.(# #......
#..#.@#?|$# #......
#..#..#$.(# #######
#..#..##### # #..#......# #
#..#......# #
.#####..#####..# #
....Y#..#......# #
.....#..#......#
###..#..#..#####


You could see a two-headed ogre.

Vanquished Creatures
  An acid dragon (D:5)
  An ogre (D:4)
  A centaur (D:5)
  A phantom (D:4)
  A scorpion (D:5)
  3 water moccasin zombies (D:5)
  A water moccasin skeleton (D:5)
  A howler monkey (D:5)
  A centaur zombie (D:5)
  2 hounds
  A gnoll shaman (D:5)
  3 iguanas
  A howler monkey zombie (D:5)
  3 gnolls (D:5)
  5 adders
  An ufetubus (D:4)
  2 adder zombies (D:5)
  2 worms
  A dart slug (D:1)
  10 orcs
  4 ball pythons
  7 endoplasms
  7 giant cockroaches
  10 goblins
  8 hobgoblins
  4 jackals (D:4)
  6 kobolds
  2 quokkas (D:3)
  6 bats
  2 frilled lizards
  A giant cockroach zombie (D:3)
  4 rats
103 creatures vanquished.

Vanquished Creatures (others)
  12 plants (D:5)
12 creatures vanquished.

Grand Total: 115 creatures vanquished

Notes
Turn   | Place    | Note
-------+----------+-------------------------------------------
     0 | D:1      | Borgoz the Gargoyle Gladiator began the quest for the Orb.
     0 | D:1      | Reached XP level 1. HP: 12/12 MP: 1/1
   253 | D:1      | Reached XP level 2. HP: 18/18 MP: 2/2
   362 | D:1      | Found a faded altar of an unknown god.
   547 | D:1      | Reached skill level 1 in Armour
   840 | D:2      | Reached XP level 3. HP: 18/22 MP: 3/3
  1417 | D:3      | Found a broken altar of Ashenzari.
  1444 | D:3      | Reached skill level 3 in Fighting
  1594 | D:3      | Found a sparkling altar of Nemelex Xobeh.
  1868 | D:3      | Reached XP level 4. HP: 28/28 MP: 4/4
  2165 | D:4      | Found Pedeukhe's Overcharged Wands.
  2233 | D:4      | Noticed a phantom
  2259 | D:4      | Killed a phantom
  2260 | D:4      | Reached XP level 5. HP: 15/33 MP: 3/5
  2514 | D:4      | Noticed an ogre
  2524 | D:4      | Killed an ogre
  2525 | D:4      | Reached skill level 4 in Fighting
  2525 | D:4      | Reached XP level 6. HP: 13/38 MP: 2/6
  3170 | D:4      | Found a snail-covered altar of Cheibriados.
  3834 | D:5      | Entered Level 5 of the Dungeon
  4255 | D:5      | Found a large runed translucent door.
  4255 | D:5      | Found a large runed translucent door.
  4292 | D:5      | Found a hide-covered altar of Uskayaw.
  4404 | D:5      | Found a large runed translucent door.
  4405 | D:5      | Found a large runed translucent door.
  4443 | D:5      | Reached XP level 7. HP: 37/44 MP: 5/7
  4510 | D:5      | Reached skill level 5 in Fighting
  4510 | D:5      | Reached skill level 5 in Maces & Flails
  5161 | D:5      | Reached skill level 5 in Armour
  5161 | D:5      | Reached XP level 8. HP: 28/51 MP: 6/8
  5457 | D:5      | Reached skill level 6 in Fighting
  5528 | D:5      | Noticed a two-headed ogre
  5550 | D:5      | HP: 1/51 [two-headed ogre (11)]
  5550 | D:5      | Slain by a two-headed ogre

Illustrated notes

Levels and vault maps discovered:
D:1:      ncdulo_lavacross, layout_basic, hellmonk_ecumenical_altar_arch_garden
D:2:      layout_basic
D:3:      minmay_bubble_buster, layout_rooms, general_overflow_altar,
          mainiacjoe_overflow_tiny_flanked
D:4:      layout_basic, amcnicky_altar_gilded, nicolae_shop_overcharged_wands
D:5:      kennysheep_windowed_halls, layout_basic, mainiacjoe_overflow_chevrons,
          kennysheep_minor_cross, chequers_serial_rivers_marsh,
          minmay_hollow_rounded_squares

Skill      XL: |  1  2  3  4  5  6  7  8 |
---------------+-------------------------+-----
Armour         | 1 2 3 4 5 |  5.3
Fighting       | 3 4 5 6 |  6.0
Maces & Flails | 4 5 |  5.7
Dodging        | 3 |  3.7
Throwing       | |  1.7

Action                   |  1- 3 |  4- 6 |  7- 9 || total
-------------------------+-------+-------+-------++-------
Melee: Flail             |   120 |   190 |   126 ||   436
Throw: Throwing net      |       |     2 |     3 ||     5
  Use: Scroll            |     2 |     2 |       ||     4
       Potion            |       |       |     5 ||     5
 Stab: Sleeping          |     1 |       |       ||     1
Armor: Leather armour    |    51 |    13 |       ||    64
       Ring mail         |       |    98 |   119 ||   217
Dodge: Dodged            |    81 |   151 |   128 ||   360
